 Dungeon Crawl Stone Soup version 0.28.0-53-g5a82cb258f (webtiles) character file.

Game seed: 3296221062877339757

18918 Stomo the Fighter (level 12, 0/105 HPs)
             Began as a Green Draconian Monk on July 4, 2022.
             Was a High Priest of Qazlal.
             Slain by a yak (4 damage)
             ... while petrified by a basilisk
             ... on level 1 of the Lair of Beasts.
             The game lasted 00:28:41 (13015 turns).

Stomo the Fighter (Green Draconian Monk)           Turns: 13015, Time: 00:28:42

Health: 0/105      AC: 14    Str: 17    XL:     12   Next: 31%
Magic:  7/23       EV:  2    Int: 23    God:    Qazlal [*****.]
Gold:   819        SH:  0    Dex: 15    Spells: 19/25 levels left

rFire   . . .      SeeInvis .   D - +2 whip (flame)
rCold   . . .      Faith    .   (no shield)
rNeg    + + +      Spirit   .   (armour unavailable)
rPois   ∞          Reflect  .   (helmet restricted)
rElec   .          Harm     .   (no cloak)
rCorr   .          Rampage  .   m - +0 pair of gloves
Will    .....                   r - +1 pair of boots
Stlth   +.........              y - amulet of regeneration
HPRegen 1.07/turn               d - +6 ring of intelligence
MPRegen 0.18/turn               w - +6 ring of intelligence

@: lethally poisoned (0 -> 0), petrified, protected from physical damage, repel
missiles
A: breathe noxious fumes, AC +8, unfitting armour, poison resistance,
cold-blooded
a: Breathe Noxious Fumes, Renounce Religion, Upheaval, Elemental Force, Disaster
Area


You were on level 1 of the Lair of Beasts.
You worshipped Qazlal.
Qazlal was extremely pleased with you.
You visited 2 branches of the dungeon, and saw 12 of its levels.
You also visited: Ossuary and Bailey.

You collected 819 gold pieces.

Inventory:

Hand Weapons
 a - a +0 mace
 D - a +2 whip of flaming (weapon)
 E - a +4 whip
 H - a +0 vorpal mace
Armour
 m - a +0 pair of gloves (worn)
 r - a +1 pair of boots (worn)
Jewellery
 d - a +6 ring of intelligence (left hand)
 j - a ring of positive energy
 o - an amulet of reflection
 p - a ring of see invisible
 s - an amulet of the acrobat
 w - a +6 ring of intelligence (right hand)
 y - an amulet of regeneration (around neck)
Wands
 k - a wand of flame (36)
 u - a wand of acid (4)
 A - a wand of iceblast (8)
 G - a wand of polymorph (7)
Scrolls
 i - 4 scrolls of teleportation
 x - a scroll of fear
 z - a scroll of amnesia
 B - 2 scrolls of magic mapping
 C - 2 scrolls of immolation
 F - 2 scrolls of identify
Potions
 b - 2 potions of lignification
 c - 4 potions of heal wounds
 e - 5 potions of mutation
 f - 6 potions of curing
 g - 3 potions of haste
 h - 4 potions of berserk rage {unknown}
 l - 2 potions of resistance {unknown}
 n - 2 potions of flight {unknown}
 q - a potion of attraction {unknown}
 t - 2 potions of invisibility
 v - 3 potions of magic {unknown}


   Skills:
 + Level 9.4 Fighting
 + Level 8.6 Maces & Flails
 + Level 7.8 Dodging
 - Level 1.7 Stealth
 + Level 7.4 Spellcasting
 + Level 7.3 Necromancy
 + Level 7.2 Earth Magic
 + Level 8.5 Invocations


You had 19 spell levels left.
You knew the following spells:

 Your Spells              Type           Power      Damage    Failure   Level
a - Pain                  Necr           100%       1d9       1%          1
b - Borgnjor's Vile Clut  Necr/Erth      21%        N/A       10%         5

Your spell library contained the following spells:

 Spells                   Type           Power      Damage    Failure   Level
 Animate Skeleton         Necr           84%        N/A       1%          1
 Vampiric Draining        Necr           42%        2d9       1%          3
 Animate Dead             Necr           21%        N/A       3%          4
 Ignite Poison            Fire/Tmut/Pois 8%         N/A       22%         3
 Mephitic Cloud           Conj/Pois/Air  8%         N/A       22%         3
 Death Channel            Necr           21%        N/A       50%         6
 Olgreb's Toxic Radiance  Pois           8%         N/A       58%         4
 Freezing Cloud           Conj/Ice/Air   4%         6-21      90%         5
 Ozocubu's Refrigeration  Ice            4%         4d5       100%        7
 Ignition                 Fire           4%         3d4       100%        8


Dungeon Overview and Level Annotations

Branches:
Dungeon (11/15)            Temple (0/1) D:7            Lair (1/6) D:11
    Orc (0/2) D:9         Ossuary (visited)          Bailey (visited)

Altars:
Qazlal
Vehumet

Shops:
D:5 (

Portals:
Trove: D:10 (give +2 ice dragon scales)


Innate Abilities, Weirdness & Mutations

You can breathe blasts of noxious fumes.
Your lurid green scales are hard. (AC +8)
You cannot fit into any form of body armour.
Your system is resistant to poisons. (rPois)
You are cold-blooded and may be slowed by cold attacks.


Message History

The basilisk gazes at you.
You are slowing down.
The black mamba bites you! The black mamba bites you.
You are poisoned.
The black mamba poisons you!
Your limbs are stiffening.
Unknown command.
Unknown command.
Unknown command.
Unknown command.
Unknown command.
Unknown command.
You feel very sick. You block the black mamba's attack.
You have turned to stone.
The black mamba bites you. The black mamba bites you! x2
The yak gores you!
* * * LOW HITPOINT WARNING * * *
The black mamba bites you!
* * * LOW HITPOINT WARNING * * *
The black mamba bites you!
* * * LOW HITPOINT WARNING * * *
The basilisk bites you. The yak gores you but does no damage.
The black mamba bites you but does no damage.
The black mamba bites you!
* * * LOW HITPOINT WARNING * * *
The basilisk is engulfed in freezing vapours.
The basilisk gazes at you. The yak gores you.
* * * LOW HITPOINT WARNING * * *
You feel more protected from physical attacks.
The black mamba bites you!
* * * LOW HITPOINT WARNING * * *
The black mamba bites you but does no damage.
The basilisk is engulfed in freezing vapours.
The basilisk bites you!
* * * LOW HITPOINT WARNING * * *
The yak gores you but does no damage. The black mamba bites you!
* * * LOW HITPOINT WARNING * * *
The yak gores you!
You die...

..Y.#Y≈#.......#.....#
..≈.Y≈≈#.......#.....#
...≈≈≈≈#..#.####.....## ..
.#≈#.........(.....# ..
.###..............## ...
#....##..........## ....
#....#.##..>○.○.☼...#######....
#########.÷..lSY§..............
#....Y@○.........÷.....
#...☼.§................
#......#######......... # #
#.....#................
#.#.##.....'.......#........
...........#.......#..PP.#..
...........#.......#......#.
...........#.......#.P..).#.
...........#..÷......P......


You could see a black mamba, 2 yaks and a basilisk.

Vanquished Creatures
  2 hydras (Lair:1)
  4 two-headed ogres
  A death yak (D:10)
  A manticore (D:10)
  Maurice (D:9)
  Joseph (D:7)
  A black mamba (Lair:1)
  A gargoyle (D:11)
  2 komodo dragons (Lair:1)
  A guardian mummy (D:10)
  A troll (D:10)
  Prince Ribbit (Bailey)
  10 yaks
  A wyvern (D:10)
  2 steam dragons
  6 humans (Bailey)
  2 basilisks
  A warg (D:9)
  2 acid dragons (D:11)
  9 water moccasins (Lair:1)
  A sky beast (D:5)
  3 ice beasts (D:6)
  5 orc warriors
  3 necrophages
  3 black bears
  A hornet zombie (D:6)
  4 wolves (Lair:1)
  An ogre (D:5)
  6 centaurs
  A phantom (D:6)
  2 kobold brigands
  11 bullfrogs
  2 scorpions
  A wyvern zombie (D:7)
  A gnoll sergeant (D:8)
  9 water moccasin zombies (Ossuary)
  A wyvern skeleton (D:7)
  A water moccasin skeleton (D:7)
  6 killer bees (D:8)
  9 wights
  5 howler monkeys
  3 electric eels (D:10)
  A bullfrog zombie (D:7)
  6 orc priests
  3 hounds
  2 jellies
  5 centaur zombies
  2 bullfrog skeletons
  2 centaur skeletons
  3 iguanas
  8 orc wizards
  A killer bee zombie (D:5)
  3 mummies
  A howler monkey zombie (D:9)
  Robin (D:2)
  A howler monkey skeleton (D:6)
  8 gnolls
  4 adders
  A white imp (D:6)
  4 adder zombies
  A worm (D:4)
  An adder skeleton (D:2)
  2 dart slugs (D:2)
  27 orcs
  6 ball pythons
  4 bats (D:2)
  9 endoplasms
  7 giant cockroaches
  18 goblins
  14 hobgoblins
  2 jackals (D:1)
  17 kobolds
  2 quokkas
  4 frilled lizards
  2 gnoll zombies (Ossuary)
  7 hobgoblin zombies
  6 kobold zombies
  6 orc zombies
  3 rats
  A rat zombie (D:6)
324 creatures vanquished.

Vanquished Creatures (collateral kills)
  2 vault guards (Bailey)
2 creatures vanquished.

Vanquished Creatures (others)
  A centaur (D:11)
  3 fungi (Lair:1)
  9 plants (Lair:1)
13 creatures vanquished.

Grand Total: 339 creatures vanquished

Notes
Turn   | Place    | Note
-------+----------+-------------------------------------------
     0 | D:1      | Stomo the Draconian Monk began the quest for the Orb.
     0 | D:1      | Reached XP level 1. HP: 19/19 MP: 1/1
   255 | D:1      | Found a faded altar of an unknown god.
   267 | D:1      | Reached XP level 2. HP: 18/26 MP: 2/2
   275 | D:1      | Prayed at the altar of an unknown god.
   275 | D:1      | Became a worshipper of Qazlal Stormbringer
   275 | D:1      | Reached * piety under Qazlal
   275 | D:1      | Reached ** piety under Qazlal
   698 | D:1      | Reached *** piety under Qazlal
  1065 | D:2      | Reached XP level 3. HP: 32/33 MP: 3/3
  1186 | D:2      | Reached skill level 1 in Invocations
  1319 | D:2      | Noticed Robin
  1340 | D:2      | Killed Robin
  1619 | D:2      | Reached skill level 4 in Fighting
  1625 | D:2      | Reached XP level 4. HP: 34/40 MP: 5/5
  2408 | D:3      | Reached **** piety under Qazlal
  2440 | D:3      | Identified the +1 ring mail of Hangman {Str+4 Stlth+}
  2696 | D:4      | Reached XP level 5. HP: 46/46 MP: 6/6
  3288 | D:5      | Entered Level 5 of the Dungeon
  3577 | D:5      | Reached XP level 6. HP: 50/53 MP: 8/8
  3755 | D:5      | Noticed a sky beast
  3766 | D:5      | Killed a sky beast
  3767 | D:5      | Reached skill level 5 in Fighting
  3985 | D:5      | Found Irol Annaib's Antique Weapon Boutique.
  3998 | D:5      | Learned a level 1 spell: Pain
  4016 | D:5      | Your scales start taking on a lurid green colour.
  4016 | D:5      | Reached XP level 7. HP: 56/61 MP: 9/9
  4016 | D:5      | Gained mutation: Your system is resistant to poisons.
                  | (rPois) [Green Draconian growth]
  4514 | D:6      | Reached skill level 1 in Spellcasting
  4563 | D:6      | Noticed a steam dragon
  4572 | D:6      | Killed a steam dragon
  4573 | D:6      | Reached skill level 5 in Maces & Flails
  4940 | D:6      | Found a sand-covered staircase.
  4962 | Ossuary  | Entered an ossuary
  5203 | Ossuary  | Reached XP level 8. HP: 62/70 MP: 11/11
  5216 | Ossuary  | Reached skill level 6 in Fighting
  5216 | Ossuary  | Reached skill level 5 in Dodging
  5305 | Ossuary  | Reached ***** piety under Qazlal
  5393 | Ossuary  | Reached skill level 5 in Invocations
  6114 | D:6      | Reached skill level 7 in Fighting
  6114 | D:6      | Reached XP level 9. HP: 69/79 MP: 13/13
  6374 | D:7      | Noticed Joseph
  6742 | D:7      | Killed Joseph
  6858 | D:7      | Found a staircase to the Ecumenical Temple.
  7320 | D:7      | Reached skill level 8 in Fighting
  7859 | D:7      | Learned a level 5 spell: Borgnjor's Vile Clutch
  7900 | D:8      | Reached skill level 1 in Necromancy
  7900 | D:8      | Reached skill level 1 in Earth Magic
  7950 | D:8      | Reached XP level 10. HP: 64/88 MP: 15/15
  8242 | D:8      | Noticed a two-headed ogre
  8372 | D:7      | Killed a two-headed ogre
  9122 | D:9      | Found a flagged portal.
  9159 | Bailey   | Entered a bailey
  9265 | Bailey   | Reached skill level 5 in Spellcasting
  9410 | Bailey   | Noticed a vault guard
  9410 | Bailey   | Noticed Prince Ribbit
  9414 | Bailey   | Killed Prince Ribbit
  9419 | Bailey   | Noticed a vault guard
  9424 | Bailey   | Killed a vault guard
  9425 | Bailey   | Reached skill level 5 in Necromancy
  9425 | Bailey   | Reached skill level 5 in Earth Magic
  9432 | Bailey   | Killed a vault guard
  9433 | Bailey   | Reached XP level 11. HP: 44/94 MP: 8/20
  9670 | D:9      | Found a radiant altar of Vehumet.
  9682 | D:9      | Noticed a two-headed ogre
  9693 | D:9      | Killed a two-headed ogre
  9755 | D:9      | Noticed a two-headed ogre
  9816 | D:8      | Killed a two-headed ogre
 10127 | D:9      | Found a staircase to the Orcish Mines.
 10305 | D:9      | Noticed Maurice
 10312 | D:9      | Killed Maurice
 10736 | D:10     | Entered Level 10 of the Dungeon
 10741 | D:10     | Noticed a two-headed ogre
 10754 | D:10     | Killed a two-headed ogre
 11545 | D:10     | Found a portal to a secret trove of treasure.
 11669 | D:11     | Noticed a death yak
 11669 | D:11     | Found a staircase to the Lair.
 11701 | D:10     | Killed a death yak
 11999 | D:11     | Reached skill level 9 in Fighting
 12480 | Lair:1   | Entered Level 1 of the Lair of Beasts
 12480 | Lair:1   | Noticed an eight-headed hydra
 12487 | Lair:1   | Killed an eight-headed hydra
 12488 | Lair:1   | Reached XP level 12. HP: 57/104 MP: 15/22
 12979 | Lair:1   | Noticed a six-headed hydra
 12984 | Lair:1   | Killed a six-headed hydra
 13015 | Lair:1   | HP: 4/105 [black mamba (4)]
 13015 | Lair:1   | Slain by a yak

Illustrated notes

Levels and vault maps discovered:
D:1:      giann_bridges, layout_loops_ring,
          hellmonk_ecumenical_altar_pennies_from_heaven
D:2:      layout_loops_cross, minmay_ruptured, uniq_robin
D:3:      layout_basic, serial_glass, glass_columns_a, glass_columns_a,
          minmay_bisected
D:4:      layout_rooms
D:5:      layout_basic, serial_shops, shop_fountains
D:6:      layout_gridville, enter_ossuary_3
D:7:      layout_rooms, minmay_temple_entry_hall, minmay_puff, uniq_joseph
D:8:      layout_rooms, minmay_misc_feat_tiny, minmay_mini_ossuary
D:9:      layout_long_grid, nicolae_vehumet_altar_sigil, erik_orc_4,
          serial_rivers, chequers_serial_rivers_micro_b,
          chequers_serial_rivers_micro_c, chequers_serial_rivers_large_b,
          chequers_serial_rivers_large_a, chequers_serial_rivers_micro_d,
          enter_bailey_3, chequers_serial_rivers_micro_b, uniq_maurice
D:10:     layout_rooms, nicolae_trove_entry_path_of_doom, corner_web_ring,
          disabler_island
D:11:     layout_cave_pools, david_lair_generic
Lair:1:   layout_chaotic_city, beast_lair_carwin_8

Skill      XL: |  1  2  3  4  5  6  7  8  9 10 11 12 |
---------------+-------------------------------------+-----
Dodging        | 3 4 5 6 7 |  7.8
Invocations    | 1 2 3 4 5 7 8 |  8.5
Fighting       | 4 5 7 8 9 |  9.4
Maces & Flails | 4 5 6 7 8 |  8.6
Spellcasting   | 2 3 6 7 |  7.4
Necromancy     | 1 5 6 7 |  7.3
Earth Magic    | 1 5 6 7 |  7.2
Stealth        | |  1.7

Action                   |  1- 3 |  4- 6 |  7- 9 | 10-12 || total
-------------------------+-------+-------+-------+-------++-------
Melee: Mace              |   129 |   173 |   433 |   293 ||  1028
       Tailslap          |    16 |    19 |    79 |    89 ||   203
       Punch             |     1 |     1 |     6 |    14 ||    22
       Whip              |       |       |       |   189 ||   189
Throw: Throwing net      |       |       |       |     1 ||     1
 Cast: Pain              |       |       |       |    25 ||    25
       Borgnjor's Vile C |       |       |       |    47 ||    47
Invok: Upheaval          |       |       |     2 |     3 ||     5
       Elemental Force   |       |       |       |     1 ||     1
 Abil: Breathe Noxious F |       |       |     6 |    12 ||    18
  Use: Scroll            |       |       |     6 |    10 ||    16
 Stab: Sleeping          |     1 |       |       |       ||     1
       Confused          |       |       |     1 |     9 ||    10
Armor: Skin              |    37 |    31 |   102 |   169 ||   339
Dodge: Dodged            |    93 |    93 |   207 |   361 ||   754
       Repelled          |       |       |     5 |    12 ||    17
Block: Other             |    13 |    66 |   239 |   191 ||   509
       Reflection        |       |       |    10 |       ||    10
